Cogmind - Beta 15 @@@ ROGUE MODE // 2025.07.30 @ 17:10:12 Player: shapeshifter Result: Destroyed by H-55 Commando with Assault Rifle Performance ------------- Evolutions (2) 1000 Regions Visited (7) 1400 Robots Destroyed (35) 175 Value Destroyed (1268) 1268 Prototype IDs (24) 480 Alien Tech Used (0) 0 Bonus (500) 500 TOTAL SCORE: 4823 Bonus ------- Entered Garrisons 200 Aligned with FarCom 300 Cogmind --------- Core Integrity 0/550 Matter 161/300 Energy 99/100 System Corruption 11% Temperature Cool (0) Movement Core (50) Location -8/Materials Parts ------- > --- POWER (1) -------- (None) > --- PROPULSION (4) --- (None) > --- UTILITY (4) ------ Improved Salvage Targeting Computer > --- WEAPON (2) ------- Power Maul > --- INVENTORY (5) ---- Small Storage Unit Medium Storage Unit ECM Suite Authchip [R/Combat] Skeleton Box Peak State ------------ > --- POWER ------------ Light Nuclear Core > --- PROPULSION ------- Improved Aluminum Leg Improved Aluminum Leg Improved Aluminum Leg Titanium Leg > --- UTILITY ---------- Large Storage Unit Hardened Medium Armor Plating Reactive Plating Shield Generator > --- WEAPON ----------- Heavy Assault Cannon > --- INVENTORY -------- Improved Ion Engine Advanced Treads Improved Aluminum Leg Compact Wheel Compact Wheel Improved Heat Sink High-capacity Storage Unit High-capacity Matter Pod ECM Suite Skeleton Box Pulse Rifle Enhanced Autogun [Rating: 29] Favorites ----------- Power Light Nuclear Core Engine Improved Ion Engine Power Core Light Nuclear Core Propulsion Improved Aluminum Leg Treads Light Treads Leg Improved Aluminum Leg Wheel Compact Wheel Flight Unit Flight Unit Utility Reactive Plating Device Shield Generator Storage Large Storage Unit Processor Improved Salvage Targeting Computer Protection Reactive Plating Weapon Heavy Assault Cannon Energy Gun Field Laser Energy Cannon Light EM Pulse Cannon Ballistic Gun Light Assault Rifle Ballistic Cannon Heavy Assault Cannon Launcher Concussive RPG Impact Weapon Power Maul Build | -11 -10 -10 -10 -9 -8 -8 -8 ------- Run | Yrd Mat Min Exi Min Mat Gar Mat Slots Evolved 4 | . . . . . 4 . . Power . | . . . . . . . . Propulsion 2 | . . . . . 2 . . Utility 2 | . . . . . 2 . . Weapon . | . . . . . . . . Parts Attached 47 | 8 9 2 3 . 6 14 5 Power 6 | 1 2 . . . 1 1 1 Engine 4 | 1 1 . . . 1 1 . Core 2 | . 1 . . . . . 1 Reactor . | . . . . . . . . Propulsion 16 | 2 2 1 . . 3 8 . Treads 3 | 2 . 1 . . . . . Leg 6 | . 2 . . . 3 1 . Wheel 2 | . . . . . . 2 . Hover . | . . . . . . . . Flight 5 | . . . . . . 5 . Utility 13 | 2 2 . 3 . 2 3 1 Device 4 | 1 . . 1 . 1 1 . Storage 3 | 1 1 . 1 . . . . Processor 1 | . . . . . . . 1 Hackware . | . . . . . . . . Protection 5 | . 1 . 1 . 1 2 . Artifact . | . . . . . . . . Weapon 12 | 3 3 1 . . . 2 3 Energy Gun 3 | 1 . . . . . 1 1 Energy Cannon 2 | . 2 . . . . . . Ballistic Gun 4 | 2 1 . . . . 1 . Ballistic Cannon 1 | . . 1 . . . . . Launcher 1 | . . . . . . . 1 Special Weapon . | . . . . . . . . Impact Weapon 1 | . . . . . . . 1 Slashing Weapon . | . . . . . . . . Piercing Weapon . | . . . . . . . . Special Melee Weapon . | . . . . . . . . Unidentified Prototypes 1 | . . . . . . 1 . Parts Lost 33 | . 8 . . . 2 15 8 Power 5 | . 1 . . . 1 1 2 Propulsion 16 | . 2 . . . 1 8 5 Utility 6 | . 1 . . . . 5 . Weapon 6 | . 4 . . . . 1 1 Highest Loss Streak 8 | . 8 . . . 2 8 7 To Critical Strikes . | . . . . . . . . Average Backups 9 | 4 8 6 8 11 11 11 4 Power . | . . . . . . . . Propulsion 3 | 2 4 3 5 5 3 1 1 Utility 2 | . 1 2 2 4 3 5 2 Weapon 1 | . 1 . 1 1 2 3 . Tool/Special . | . . . . . . . . Unused Backups 17 | . 7 . . . 1 5 4 Power 1 | . 1 . . . . . . Propulsion 4 | . 4 . . . . . . Utility 11 | . 2 . . . 1 4 4 Weapon 1 | . . . . . . 1 . Tool/Special . | . . . . . . . . Average Slot Usage (%) 81 | . 97 85 85 85 87 72 53 Engine 4 | . 13 . . . 5 4 3 Core 5 | . . 14 14 14 3 . 2 Treads 5 | . 25 1 . . . 3 . Leg 20 | . 1 26 28 28 35 22 . Flight 3 | . . . . . . 1 25 Device 6 | . 12 . . . 8 8 7 Storage 10 | . 14 14 14 14 9 8 . Protection 9 | . . 14 14 14 15 11 . Ballistic Gun 6 | . 26 7 . . . 3 . Ballistic Cannon 6 | . . 6 14 14 9 3 . Peak Build Rating 29 | 7 13 17 22 19 29 29 20 Average Rating 16 | 5 8 13 18 19 27 19 11 On Entrance 13 | . 7 11 17 19 19 29 7 Naked Turns . | . . . . . . . . Heaviest Build 59 | 11 23 30 47 47 59 59 13 Greatest Support 56 | 40 40 26 26 26 56 56 16 Greatest Overweight (x) 1 | . 1 1 1 1 1 1 . Average Overweight (x) . | . . . 1 1 . . . Largest Inventory Capacity 15 | 8 10 10 15 15 15 15 5 Average Capacity 11 | 7 9 10 11 15 15 14 5 Most Carried 15 | 8 10 10 11 12 13 15 5 Average Carried 9 | 4 8 7 8 11 11 11 4 Final Capacity 15 | 8 10 10 15 15 15 5 5 Final Carried 13 | 7 5 9 11 12 13 5 5 Class Distribution -------------------- 94% | Mutant 5% | Scavenger-Sprinter Dominant Class ---------------- Mutant | -10/Materials Mutant | -10/Mines Mutant | -10/Exiles Mutant | -9/Mines Mutant | -8/Materials Mutant | -8/Garrison Mutant | -8/Materials Resources | -11 -10 -10 -10 -9 -8 -8 -8 ----------- Run | Yrd Mat Min Exi Min Mat Gar Mat Matter Collected 1348 | 238 146 44 122 122 303 175 198 Remotely . | . . . . . . . . Salvage Created 1143 | 16 483 . . . 270 153 221 Parts 58 | 4 21 . . . 16 9 8 Haulers Intercepted 1 | . 1 . . . . . . Recyclers Shooed 1 | . 1 . . . . . . Parts Field Recycled . | . . . . . . . . Retrieved Matter . | . . . . . . . . Parts Self-Destructed . | . . . . . . . . Prevented . | . . . . . . . . Kills | -11 -10 -10 -10 -9 -8 -8 -8 ------- Run | Yrd Mat Min Exi Min Mat Gar Mat Combat Hostiles Destroyed 26 | . 10 . . . 5 5 6 Melee 2 | . . . . . . . 2 Guns 17 | . 9 . . . . 5 3 Cannons 6 | . 1 . . . 5 . . Classes Destroyed 8 | 1 5 . . . 1 . 1 Builder 1 | . . . . . . . 1 Tunneler 2 | 1 . . . . 1 . . Hauler 1 | . 1 . . . . . . Recycler 2 | . 1 . . . 1 . . Watcher 3 | . 1 . . . 2 . . Swarmer 7 | . 3 . . . . 2 2 Grunt 18 | . 7 . . . 4 3 4 Sentry 1 | . . . . . 1 . . Best Kill Streak 6 | 1 3 . . . 6 2 2 Combat Bots Only 4 | . 3 . . . 4 2 2 Max Kills in Single Turn 1 | 1 1 . . . 1 1 1 Gunslinging . | . . . . . . . . Exploded . | . . . . . . . . Melee 1 | . . . . . . . 1 Uniques/NPCs Destroyed . | . . . . . . . . Combat | -11 -10 -10 -10 -9 -8 -8 -8 -------- Run | Yrd Mat Min Exi Min Mat Gar Mat Hostile Shots Fired 412 | . 137 . . . 27 176 72 Missed 111 | . 39 . . . 6 43 23 Hits 301 | . 98 . . . 21 133 49 Melee 1 | . . . . . . . 1 Projectile 300 | . 98 . . . 21 133 48 Critical Strikes 13 | . 2 . . . 1 8 2 Damage Taken 4232 | . 1199 . . . 774 1705 554 Core 775 | . 222 . . . 74 250 229 Absorbed by Shields 263 | . . . . . 112 151 . Ignored by Resistances 23 | . . . . . 23 . . Core Remaining (%) 55 | 100 . . . 11 . . . Volleys Fired 207 | 13 64 . . . 50 37 43 Largest 2 | 2 2 . . . 1 2 1 Hottest 112 | 40 112 . . . 50 88 63 Shots Fired 281 | 26 119 . . . 50 42 44 Gun 207 | 26 110 . . . . 28 43 Cannon 73 | . 9 . . . 50 14 . Launcher 1 | . . . . . . . 1 Special . | . . . . . . . . Kinetic 222 | 26 110 . . . 50 36 . Thermal 49 | . . . . . . 6 43 Explosive 1 | . . . . . . . 1 Electromagnetic 9 | . 9 . . . . . . Robot Hit Streak 11 | 9 11 . . . 7 9 5 Robot Miss Streak 4 | 2 4 . . . 4 4 4 Penetration Max . | . . . . . . . . Secondary Targets . | . . . . . . . . Shots Hit Robots 156 | 19 72 . . . 16 21 28 Core Hits 63 | 2 34 . . . 7 9 11 Critical Kills 4 | . 2 . . . . . 2 Critical Parts Destroyed . | . . . . . . . . Critical Strikes 11 | . 2 . . . 3 2 4 Burn 3 | . . . . . . 1 2 Destroy 2 | . 2 . . . . . . Blast 4 | . . . . . 3 1 . Smash 2 | . . . . . . . 2 Melee Attacks 13 | . . . . . . . 13 Impact 13 | . . . . . . . 13 Slashing . | . . . . . . . . Piercing . | . . . . . . . . Sneak Attacks 1 | . . . . . . . 1 Combat Hostiles . | . . . . . . . . Follow-up Attacks . | . . . . . . . . Damage Inflicted 2920 | 158 643 2 . . 853 515 749 Guns 1460 | 158 570 . . . . 336 396 Cannons 1059 | . 73 . . . 843 143 . Explosions 11 | . . . . . . . 11 Melee 341 | . . . . . . . 341 Ramming 49 | . . 2 . . 10 36 1 Kinetic 1980 | 158 570 . . . 843 409 . Thermal 466 | . . . . . . 70 396 Explosive 11 | . . . . . . . 11 Electromagnetic 73 | . 73 . . . . . . Impact 341 | . . . . . . . 341 Slashing . | . . . . . . . . Piercing . | . . . . . . . . Highest Corruption 11 | . . . . . 8 8 11 Average Corruption 8 | . . . . . 7 8 8 Corruption Purged . | . . . . . . . . Corruption Blocked . | . . . . . . . . Effects 48 | . . . . . 11 25 12 Message Errors 7 | . . . . . 2 1 4 Matter Fused 10 | . . . . . 2 6 2 Heat Flow Errors 12 | . . . . . 2 8 2 Energy Discharges 5 | . . . . . 1 4 . Data Loss (minor) 6 | . . . . . 2 1 3 Data Loss (major) 1 | . . . . . 1 . . Misfires 5 | . . . . . . 4 1 Alerts 2 | . . . . . 1 1 . Overload Shots . | . . . . . . . . Overflow Damage 180 | . . . . . 125 . 55 Projectiles 125 | . . . . . 125 . . Explosions . | . . . . . . . . Melee 55 | . . . . . . . 55 Knockbacks 7 | . . . . . 1 3 3 Impact 3 | . . . . . . . 3 Kinetic 4 | . . . . . 1 3 . Secondary . | . . . . . . . . Self-Inflicted Damage 53 | . . . . . . 8 45 Shots 2 | . . . . . . . 2 Rammed 5 | . . . . . . 4 1 Targets Rammed 12 | . . 1 . . 2 8 1 Kicked 7 | . . 1 . . 2 4 . Crushed . | . . . . . . . . Highest Temperature 274 | . 248 . . . 274 261 270 Average Temperature 74 | . 82 . . . 59 93 68 Received Heat Transfer 1526 | . 621 . . . 104 621 180 Siege Activations . | . . . . . . . . Martial Activations . | . . . . . . . . Shielding Activations . | . . . . . . . . Robots Disrupted . | . . . . . . . . Combat Hostiles . | . . . . . . . . Robots Corrupted 2 | . . . . . . . 2 Combat Hostiles 1 | . . . . . . . 1 Parts Fried 5 | . . . . . . . 5 Impact Corruptions 4 | . . . . . . . 4 Robots Melted . | . . . . . . . . Combat Hostiles . | . . . . . . . . Parts Melted 1 | . . . . . . . 1 Heat Transferred 1221 | . . . . . . 222 999 Parts Sabotaged . | . . . . . . . . Parts Stolen . | . . . . . . . . Parts Stripped . | . . . . . . . . Power Chain Reactions 1 | . . . . . . . 1 Alert | -11 -10 -10 -10 -9 -8 -8 -8 ------- Run | Yrd Mat Min Exi Min Mat Gar Mat Maximum Alert Level . | . . . . . . . . Low Security (%) 100 | 100 100 100 . 100 100 100 100 Level 1 . | . . . . . . . . Level 2 . | . . . . . . . . Level 3 . | . . . . . . . . Level 4 . | . . . . . . . . Level 5 . | . . . . . . . . High Security . | . . . . . . . . Max Security . | . . . . . . . . Peak Influence 181 | 5 62 9 . . 96 147 181 Initial 56 | . . 9 . . . 31 56 Average 46 | . 16 . . . 32 105 74 Influence Increases 1116 | 5 289 . . . 211 236 375 Destroy 0b10 Robot/C 520 | . 200 . . . 100 100 120 Destroy 0b10 Robot/NC 45 | 5 15 . . . 20 . 5 Destroy Leader 108 | . 44 . . . 34 10 20 Successful Hack 19 | . . . . . 4 14 1 Disable Machine 105 | . 15 . . . 30 . 60 Anti-Garrison Action 50 | . . . . . . 50 . Destroy Structure 89 | . . . . . 23 62 4 Partial Spotted 30 | . . . . . . . 30 Lose Combat Pursuer 150 | . 15 . . . . . 135 Influence Decreases 935 | 5 265 24 . . 163 167 311 Entered New Map 93 | . . 15 . . . 17 61 Time Decay 532 | 5 185 9 . . 163 . 170 Lost Part 310 | . 80 . . . . 150 80 Squads Dispatched 8 | . 2 1 . . 2 . 3 Investigation 4 | . . 1 . . 2 . 1 Extermination . | . . . . . . . . Reinforcement 4 | . 2 . . . . . 2 Assault . | . . . . . . . . Garrison . | . . . . . . . . Intercept . | . . . . . . . . Searches Triggered . | . . . . . . . . Construction Impeded 1 | . . . . . . . 1 Haulers Reinforced . | . . . . . . . . Active Scanning Responses . | . . . . . . . . Cargo Convoy Interrupts . | . . . . . . . . Stealth | -11 -10 -10 -10 -9 -8 -8 -8 --------- Run | Yrd Mat Min Exi Min Mat Gar Mat Distress Signals 2 | . 1 . . . . . 1 Communications Jammed . | . . . . . . . . Distress Signals . | . . . . . . . . Times Spotted 69 | . 21 . . . 10 12 26 Peak Tracking Total 12 | . 8 . . . 2 5 12 Tactical Retreats 5 | . 1 . . . . . 4 Traps | -11 -10 -10 -10 -9 -8 -8 -8 ------- Run | Yrd Mat Min Exi Min Mat Gar Mat Traps Triggered 4 | . . . . . 1 2 1 Indirectly . | . . . . . . . . Trap Hack Attempts . | . . . . . . . . Triggered . | . . . . . . . . Disarmed . | . . . . . . . . Reprogrammed . | . . . . . . . . Reused . | . . . . . . . . Traps Extracted . | . . . . . . . . Installed . | . . . . . . . . Triggered . | . . . . . . . . Machines | -11 -10 -10 -10 -9 -8 -8 -8 ---------- Run | Yrd Mat Min Exi Min Mat Gar Mat Machines Disabled 9 | . 1 . . . 2 2 4 Max in Single Turn 2 | . 1 . . . 1 2 2 Phase Generator 1 | . . . . . . 1 . Machines Repaired . | . . . . . . . . Machines Dismantled . | . . . . . . . . Machines Sabotaged . | . . . . . . . . Overloaded Fab Kills . | . . . . . . . . Hacking | -11 -10 -10 -10 -9 -8 -8 -8 --------- Run | Yrd Mat Min Exi Min Mat Gar Mat Machines Accessed 11 | . 3 1 1 . 3 2 1 Terminals 6 | . 2 . . . 2 2 . Fabricators . | . . . . . . . . Repair Stations . | . . . . . . . . Recycling Units 2 | . 1 . . . . . 1 Scanalyzers . | . . . . . . . . Garrison Access 1 | . . . . . 1 . . Total Hacks 29 | . 9 1 1 . 9 2 7 Successful 15 | . 2 1 1 . 3 2 6 Failed 14 | . 7 . . . 6 . 1 Catastrophic 2 | . 1 . . . 1 . . Database Lockouts . | . . . . . . . . Manual 17 | . 8 . 1 . 8 . . Terminals 18 | . 8 . . . 8 2 . Fabricators . | . . . . . . . . Repair Stations . | . . . . . . . . Recycling Units 8 | . 1 . . . . . 7 Scanalyzers . | . . . . . . . . Garrison Access 1 | . . . . . 1 . . Terminal Hacks 4 | . . 1 1 . . 2 . Open Door 1 | . . 1 . . . . . Emergency Access Points 1 | . . . . . . 1 . Garrison Registry 1 | . . . . . . 1 . Proto ID Catalog 1 | . . . 1 . . . . Fabricator Hacks . | . . . . . . . . Repair Station Hacks . | . . . . . . . . Recycling Unit Hacks 7 | . 1 . . . . . 6 Recycle Component 1 | . . . . . . . 1 Process 1 | . . . . . . . 1 Report Inventory 3 | . 1 . . . . . 2 Retrieve Matter 2 | . . . . . . . 2 Scanalyzer . | . . . . . . . . Garrison Access Hacks 1 | . . . . . 1 . . Unlock Access 1 | . . . . . 1 . . Unauthorized Hacks 3 | . 1 . . . 2 . . Terminals 3 | . 1 . . . 2 . . Botnet 3 | . 1 . . . 2 . . Fabricators . | . . . . . . . . Repair Stations . | . . . . . . . . Recycling Units . | . . . . . . . . Scanalyzers . | . . . . . . . . Garrison Access . | . . . . . . . . Data Cores Recovered . | . . . . . . . . Used . | . . . . . . . . Hacking Detections 6 | . 2 . . . 2 1 1 Full Trace Events 4 | . 2 . . . 1 . 1 Feedback Events . | . . . . . . . . Feedback Blocked . | . . . . . . . . Robot Schematics Acquired . | . . . . . . . . Robots Built . | . . . . . . . . Authchips . | . . . . . . . . Time . | . . . . . . . . Total Robot Build Rating . | . . . . . . . . Part Schematics Acquired . | . . . . . . . . Parts Built . | . . . . . . . . Authchips . | . . . . . . . . Time . | . . . . . . . . Total Part Build Rating . | . . . . . . . . Parts Repaired . | . . . . . . . . Time . | . . . . . . . . Parts Recycled 1 | . . . . . . . 1 Recycled Matter 6 | . . . . . . . 6 Retrieved Matter 6 | . . . . . . . 6 Retrieved Components . | . . . . . . . . Parts Scanalyzed . | . . . . . . . . Part Schematics Acquired . | . . . . . . . . Parts Damaged . | . . . . . . . . Bothacking | -11 -10 -10 -10 -9 -8 -8 -8 ------------ Run | Yrd Mat Min Exi Min Mat Gar Mat Used RIF Installer . | . . . . . . . . Robots Hacked . | . . . . . . . . Non-combat . | . . . . . . . . Combat . | . . . . . . . . Robot Hacks Applied . | . . . . . . . . Relay Couplers Released . | . . . . . . . . Fabnet Peak Effective % . | . . . . . . . . Robots Rewired . | . . . . . . . . Allies Hacked . | . . . . . . . . Hacks Repelled . | . . . . . . . . Allies | -11 -10 -10 -10 -9 -8 -8 -8 -------- Run | Yrd Mat Min Exi Min Mat Gar Mat Total Allies . | . . . . . . . . Largest Group . | . . . . . . . . Highest-Rated Group . | . . . . . . . . Highest-Rated Ally . | . . . . . . . . Initial Warlord ECA Mod 1 | . . . . . . . 1 Total Orders . | . . . . . . . . Ally Attacks . | . . . . . . . . Total Damage . | . . . . . . . . Kills . | . . . . . . . . Allies Corrupted . | . . . . . . . . Allies Melted . | . . . . . . . . Intel | -11 -10 -10 -10 -9 -8 -8 -8 ------- Run | Yrd Mat Min Exi Min Mat Gar Mat Active Infowar (turns) 774 | 34 598 . . . . 74 68 Seismic 632 | 34 598 . . . . . . ECM 142 | . . . . . . 74 68 Robot Analysis Total . | . . . . . . . . Derelict Logs Recovered 1 | . . . . 1 . . . Drone Launches . | . . . . . . . . Drone Recoveries . | . . . . . . . . Exploration | -11 -10 -10 -10 -9 -8 -8 -8 ------------- Run | Yrd Mat Min Exi Min Mat Gar Mat Turns Passed 3565 | 190 655 242 697 101 619 703 358 Spaces Moved 2166 | 92 282 145 362 46 276 455 508 Core 61 | 11 . . . . . 44 6 Treads 381 | 81 268 7 . . . 25 . Legs 976 | . 14 138 362 46 276 140 . Wheels 161 | . . . . . . 161 . Hover . | . . . . . . . . Flight 587 | . . . . . . 85 502 Fastest Speed 31 | 50 120 120 190 190 120 31 31 Average Speed 127 | 146 158 152 190 190 164 123 33 Slowest Speed 240 | 160 240 190 190 190 192 225 50 Overloaded Moves . | . . . . . . . . Propulsion Burnouts . | . . . . . . . . Robots Hopped 3 | . . . . . . . 3 Potential Cave-ins 12 | . . . . . 12 . . Cave-ins Triggered 2 | . . . . . 2 . . Exploration Rate (%) 41 | 8 56 40 84 13 29 78 25 Regions Visited 7 Branch Regions 3 Pre-discovered Areas 1 | . . . . 1 . . . Known Exits Taken 1 | . . . . . 1 . . Unknown Exits Taken 5 | 1 1 1 1 1 . . . Scrap Searched 3 | . . 1 . 2 . . . Spaces Dug 22 | . . . . . 21 1 . Terrain Destroyed 116 | . . . . . 33 79 4 Melee . | . . . . . . . . Projectile 40 | . . . . . 33 7 . AOE 76 | . . . . . . 72 4 Terrain Rammed . | . . . . . . . . Walls Destroyed . | . . . . . . . . Machines Disabled . | . . . . . . . . Actions | -11 -10 -10 -10 -9 -8 -8 -8 --------- Run | Yrd Mat Min Exi Min Mat Gar Mat Total 2665 | 126 397 165 371 60 365 558 623 Wait 122 | . 17 11 . 14 21 15 44 Move 2151 | 91 281 144 361 45 275 452 502 Hop 3 | . . . . . . . 3 Pick Up 60 | 14 15 5 4 1 8 6 7 Fast Attach 7 | . . . . . . 5 2 Attach 37 | 7 7 1 . . 6 10 6 Detach 2 | . . . . . . 1 1 Swap 11 | 1 2 2 4 . 1 1 . Drop 23 | . 11 1 2 . 1 7 1 Fire 207 | 13 64 . . . 50 37 43 Melee 13 | . . . . . . . 13 Ram 5 | . . . . . . 4 1 Kick 7 | . . 1 . . 2 4 . Crush . | . . . . . . . . Escape Stasis 17 | . . . . . 1 16 . Rewire . | . . . . . . . . Trap . | . . . . . . . . Miscellaneous . | . . . . . . . . Route ------- -11/Scrapyard -10/Materials (discovered 3 exits: [*Mat] / *Min x2) -10/Mines -10/Exiles -9/Mines -8/Materials -8/Garrison (discovered 3 exits: *Mat x3) -8/Materials History --------- Turn | Location | Event 3 | -11/Scrapyard | Discovered new exit (range 15) 191 | -11/Scrapyard | Entered Materials 303 | -10/Materials | Build established: Mutant 323 | -10/Materials | Discovered new exit (range 16) 338 | -10/Materials | Discovered new exit (range 5) 672 | -10/Materials | Discovered new exit (range 15) 778 | -10/Materials | Core integrity fell below 50% 835 | -10/Materials | Core integrity fell below 20% 841 | -10/Materials | Lost 8 parts (1p2n1u4w) 846 | -10/Materials | Entered Mines 941 | -10/Mines | Met a Derelict shopkeep closing up shop 1080 | -10/Mines | Deemed a non-threat by the Exiles lab entrance 1080 | -10/Mines | Discovered new exit (range 5) 1088 | -10/Mines | Entered Exiles 1136 | -10/Exiles | Met 8R-AWN 1166 | -10/Exiles | Met EX-HEX 1227 | -10/Exiles | Met EX-BIN 1254 | -10/Exiles | Aligned with FarCom system 1256 | -10/Exiles | Given EX-Vault access code 1299 | -10/Exiles | Opened EX-Vault 1313 | -10/Exiles | Found Skeleton Box 1353 | -10/Exiles | Warned to stay clear of 0b10 Research branches 1404 | -10/Exiles | Met EX-DEC 1466 | -10/Exiles | Visited The Gauntlet 1761 | -10/Exiles | Discovered new exit (range 14) 1785 | -10/Exiles | Left Exiles lab with Skeleton Box 1785 | -10/Exiles | Entered Mines 1804 | -9/Mines | Found DCF Scrap (10 items) 1865 | -9/Mines | Discovered new exit (range 10) 1886 | -9/Mines | Entered Materials 1886 | -8/Materials | Evolved 4 slots: Propulsion x2, Utility x2 2138 | -8/Materials | Crushed by falling debris 2143 | -8/Materials | Crushed by falling debris 2505 | -8/Materials | Identified exit to Garrison 2505 | -8/Materials | Entered Garrison 2571 | -8/Garrison | Triggered checkpoint 2712 | -8/Garrison | Phase Generator disabled 2887 | -8/Garrison | Triggered checkpoint 2899 | -8/Garrison | Lost 8 parts (1p4n3u) 2936 | -8/Garrison | Discovered new exit (range 13) 2993 | -8/Garrison | Discovered new exit (range 79) 2993 | -8/Garrison | Discovered new exit (range 30) 2993 | -8/Garrison | Discovered new exit (range 22) 3023 | -8/Garrison | Attempted to access garrison exit controls, blocked by remote lockdown 3055 | -8/Garrison | Triggered checkpoint 3058 | -8/Garrison | Triggered checkpoint 3131 | -8/Garrison | Triggered checkpoint 3152 | -8/Garrison | Core integrity fell below 50% 3153 | -8/Garrison | Attempted to access garrison exit controls, blocked by remote lockdown 3176 | -8/Garrison | Lost 7 parts (4n2u1w) 3208 | -8/Garrison | Entered Materials 3503 | -8/Materials | System corruption reached 10% 3548 | -8/Materials | Core integrity fell below 20% 3566 | -8/Materials | Destroyed by H-55 Commando with Assault Rifle Last Messages --------------- 03518_ G-47 Trooper system terminally corrupted. 03518_ Lgt. Nuclear Core fried. 03518_ Aluminum Leg fried. 03520_ Acquired 38 matter. 03521_ W-25 Informer sends out distress signal. 03540_ Flight Unit destroyed. 03542_ S-10 Pest suffers critical hit (Smash). 03542_ S-10 Pest destroyed. 03548_ Slug penetrates Wall. 03548_ S-10 Pest suffers critical hit (Smash). 03548_ S-10 Pest destroyed. 03549_ Acquired 8 matter. 03554_ Slug penetrates Wall. 03554_ S-10 Pest knocked back. 03557_ Slug penetrates Wall. 03560_ Destroyed Lgt. Assault Rifle. 03560_ S-10 Pest system corrupted by crushing effect. 03561_ :&COQ9UNNI, S/ TLQM0JV#CX>Y1FYKMK 03566_ Penetrated by Slug. Map ----- +----------------------------------------------------+ | ???????????????????????????????????????? | | ???????????????????????????????????????? | | ???????????????????????????????????????? | | ???????????????????????????????????????? | | ???????????????????????????????????????? | | ???????????????????????????????????????? | | ???????????????????????????????????????? | | ???????????????????????????????????????? | | ???????????????????????????????????????? | | ???????????????????????????????????????? | | ???????????????????????????????????????? | | ?????????????????????????? ????????????? | | ??????????????????[[[[???? ????????????? | | ????????????????? #### ###?????????? | | ????????????????? ## ???????? | | ??????????????? ???????? | | ???????????????? ??????? | | ???????????????? ?????? | | ????????########## ?????? | | #??#????# # ?????? | | # ???# # ??????? | | # ""???? # ???????? | | # """????? # ???????? | | # """??????? # ????????? | | # ########/## ########????? | | # """ # a @ # #????? | | # """ + h g + """ #????? | | # """ # [=* g # """ #????? | | #! ###+####### g # """ #????? | | # """?# [% #??###+#####s# """ #????? | | # """?# """ #??? ??# # #????? | | # ""??# """ #? # #####+##????? | | #/ ??# """ ## # #"""# #?????? | | #?Y#???# ## #b#"R"# ###???? | | ???????# """ ############g#" "# # #???? | | ???????# """ #??????????# g #????? | | ???????# ??? #??????????# g ! !##????? | | ???????????? #?????????## #?????? | | ???????????? #?????????# w ##????? | | ????????????? #?????????+ """ "#????? | | ????????????????????????# """ T#????? | | ??????????????????########= """ "#????? | | ??????????????????# !# ##????? | | ??????????????????# # #?????? | | ??????????????????# + """ #?????? | | ??????????????????#!! # """ ##????? | | ??????????????????#!! #= "" "#????? | | ??????????????????#!! ?# T#????? | | ??????????????????######?# "#????? | | ??????????###########????# ##????? | +----------------------------------------------------+ Best States ------------- Heat Dissipation 31 Energy Generation 14 Energy Capacity 265 Matter Stores 300 Matter Capacity 300 Sight Range 16 Terrain Scan Density 10 ECM Strength 1 Armor Coverage 375 Resistance: KI 20 Evasion (%) 63 Recoil Reduction 2 Salvage Targeting 2 Authchip Count 3 Item Schematics ----------------- None Robot Schematics ------------------ None Fabricated ------------ Nothing Repaired ---------- Nothing Alien Tech Used ----------------- None Achievements -------------- None Challenges ------------ None Game ------ Seed SapperCatalystLoader Manual? 0 Play Time 00:34:12 Cumulative 78.7 hours Start 2025.07.30 @ 16:36:19 End 2025.07.30 @ 17:10:12 Sessions 1 Manual Loads 0 Difficulty Rogue Special Mode None Game No. 159 Rogue 159 Adventurer 0 Explorer 0 Win Type - Total 1 Types 1/0/0/0/0/0/0/0/0/0 Lore% 56 Gallery% 53 Achievement% 40 Wizard Run 0 Options --------- Layout 1 ASCII 0 Keyboard 0 Movement Mouse Keybinds 0 Fullscreen 1 Font 24/Smallcaps Map View 50x40 Zoom Use 0% Tactical HUD 1 Map Filters NONE Filters NONE Steam 1 RUN: 18523055-8a86-4926-ba84-5874a71da1b6